 Dungeon Crawl Stone Soup version 0.31-a0-229-g1fc7ce93e2 (webtiles) character file.

Game seed: 16168252895364786939

41 qw the Shooter (level 3, -1/21 HPs)
             Began as a Gargoyle Hexslinger on July 6, 2023.
             Slain by Robin
             ... wielding a +0 trident
              (6 damage)
             ... on level 2 of the Dungeon.
             The game lasted 00:00:30 (1265 turns).

qw the Shooter (Gargoyle Hexslinger)                Turns: 1265, Time: 00:00:30

Health: -1/21      AC:  9    Str: 11    XL:     3   Next: 52%
Magic:  4/4        EV: 10    Int: 13    God:
Gold:   96         SH:  0    Dex: 14    Spells: 3/4 levels left

rFire   . . .        Y - +1 sling
rCold   . . .        (no shield)
rNeg    + . .        i - +1 ring mail {Will+}
rPois   inf          (no helmet)
rElec   +            (no cloak)
rCorr   .            (no gloves)
SInv    .            (no boots)
Will    +....        (no amulet)
Stlth   +            (no ring)
HPRegen 0.23/turn    (no ring)
MPRegen 0.09/turn

%: no passive effects
@: no status effects
A: sickness immunity, AC +3, negative energy resistance 1, electricity
resistance, torment resistance 1, petrification resistance
a: no special abilities


You were on level 2 of the Dungeon.
You visited 1 branch of the dungeon, and saw 2 of its levels.

You collected 96 gold pieces.


Innate Abilities, Weirdness & Mutations

You are immune to sickness and miasma.
Your stone body is resilient. (AC +3)
You are immune to poison.
You resist negative energy. (rN+)
You are resistant to electric shocks. (rElec)
You are resistant to unholy torment.
You are immune to petrification.


   Skills:
 - Level 2.0 Fighting
 + Level 3.4 Ranged Weapons
 - Level 1.5 Dodging
 - Level 1.0 Spellcasting
 - Level 2.6 Hexes


You had 3 spell levels left.
You knew the following spells:

 Your Spells              Type           Power      Damage    Failure   Level
a - Slow                  Hex            28%        N/A       22%         1

Your spell library contained the following spells:

 Spells                   Type           Power      Damage    Failure   Level
 Inner Flame              Hex/Fire       4%         N/A       75%         3
 Portal Projectile        Hex/Tloc       8%         N/A       75%         3
 Cause Fear               Hex            3%         N/A       92%         4

Inventory:

Hand Weapons
 Y - a +1 sling (weapon)
Armour
 i - a +1 ring mail of willpower (worn)
Scrolls
 b - a scroll of identify
Potions
 a - 2 potions of enlightenment {unknown}
 d - a potion of brilliance {unknown}
 h - a potion of curing {unknown}
 j - a potion of heal wounds {unknown}

Dungeon Overview and Level Annotations

Branches:
Dungeon (2/15)

Altars:

Annotations:
D:2 Robin, Sigmund


Message History

The goblin hits you but does no damage. Robin barely misses you.
You shoot a sling bullet. The sling bullet hits the goblin.
You kill the goblin!
Robin roars a battlecry!
The goblin goes into a battle-frenzy!
You shoot a sling bullet. The sling bullet hits Robin.
Robin is moderately wounded.
Robin throws the goblin at you!
Robin hits you from afar with a +0 trident.
The goblin hits you with a +0 dagger.
You shoot a sling bullet. The sling bullet hits the goblin.
You kill the goblin!
A goblin comes into view. It is wielding a +0 dagger.
Robin roars a battlecry!
The goblins go into a battle-frenzy!
You shoot a sling bullet. The sling bullet hits Robin.
Robin is heavily wounded.
Robin throws the goblin at you!
You shoot a sling bullet.
The sling bullet closely misses the goblin.
The goblin barely misses you. Robin hits you but does no damage.
The goblin barely misses you.
You shoot a sling bullet. The sling bullet hits the goblin.
The goblin is moderately wounded.
The goblin hits you but does no damage.
You shoot a sling bullet.
The sling bullet barely misses the goblin.
The goblin hits you but does no damage.
Robin hits you from afar with a +0 trident.
You shoot a sling bullet.
The sling bullet completely misses the goblin.
The goblin hits you with a +0 club. x2
You shoot a sling bullet. The sling bullet hits the goblin.
The goblin is heavily wounded.
The goblin hits you but does no damage.
You shoot a sling bullet.
The sling bullet barely misses the goblin.
The goblin misses you.
Robin hits you from afar with a +0 trident.
You die...

##.#.##
#.###.#
##.#(##
########..##
.........##
########.#
#.# #.# #@#


#g)ggg# ####g..# .#.# .. .# # You could see Robin, a hobgoblin (strong) and 3
goblins.

Vanquished Creatures
  A dart slug (D:1)
  3 endoplasms
  3 giant cockroaches
  A hobgoblin (D:2)
  3 jackals
  2 kobolds (D:1)
  A quokka (D:2)
  2 ball pythons (D:1)
  5 bats (D:1)
  A frilled lizard (D:1)
  9 goblins
  4 rats
35 creatures vanquished.

Notes
Turn   | Place    | Note
-------+----------+-------------------------------------------
     0 | D:1      | qw the Gargoyle Hexslinger began the quest for the Orb.
     0 | D:1      | Reached XP level 1. HP: 12/12 MP: 2/2
     0 | D:1      | 0 ||| qw: Version: 0.3-a-46-gb1f654a
     0 | D:1      | 0 ||| qw: Game counter: 1100
     0 | D:1      | 0 ||| qw: Melee chars always use a shield: true
     0 | D:1      | 0 ||| qw: God list: Okawaru
     0 | D:1      | 0 ||| qw: Allow faded altars: false
     0 | D:1      | 0 ||| qw: Do Orc after clearing Dungeon:15 true
     0 | D:1      | 0 ||| qw: Do second Lair branch before Depths: true
     0 | D:1      | 0 ||| qw: Lair rune preference: random
     0 | D:1      | 0 ||| qw: Goals: Normal
     0 | D:1      | 0 ||| PLANNING D:1-11
   174 | D:1      | Reached XP level 2. HP: 16/16 MP: 3/3
   473 | D:1      | Reached skill level 3 in Ranged Weapons
   792 | D:1      | Reached XP level 3. HP: 21/21 MP: 4/4
   858 | D:1      | 858 ||| UPGRADING to +0 leather armour.
   868 | D:1      | 868 ||| DROPPING +0 robe.
   869 | D:1      | 869 ||| UPGRADING to +1 ring mail of willpower.
   879 | D:1      | 879 ||| DROPPING +0 leather armour.
   880 | D:1      | 880 ||| READING scroll labelled USKORR ETYA.
   881 | D:1      | 881 ||| READING scroll labelled LEEWOG IBRAPS.
   897 | D:1      | 897 ||| READING scroll labelled SESMOSK BEBA.
   898 | D:1      | 898 ||| DROPPING scroll of poison.
   920 | D:2      | Noticed Sigmund
   932 | D:2      | 932 ||| STAIRDANCE
  1032 | D:2      | 1032 ||| STAIRDANCE
  1135 | D:2      | Found a faded altar of an unknown god.
  1241 | D:2      | Noticed Robin
  1263 | D:2      | HP: 5/21 [goblin/+0 club[Robin] (3)]
  1265 | D:2      | Slain by Robin

Levels and vault maps discovered:
D:1:      dpeg_arrival_subterranean_lakeside_camping, layout_loops_corners
D:2:      layout_loops_ring, shapermc_ecumenical_altar_totnotflames,
          basic_altar, nrook_loot_triangle, minmay_joined_circles, uniq_robin,
          uniq_sigmund

Skill      XL: |  1  2  3 |
---------------+----------+-----
Ranged Weapons | 3 |  3.4
Fighting       | 2 |  2.0
Dodging        | |  1.5
Spellcasting   | |  1.0
Hexes          | |  2.6

Action                     || total
---------------------------++-------
   Fire: Sling             ||   129
    Use: Scroll            ||     3
 Armour: Robe              ||     6
         Ring mail         ||    48
  Dodge: Dodged            ||    69

Table legend:
 A = Non-vault XP
 B = Vault XP
 C = Vault XP percentage of total XP
 D = Non-vault monster count
 E = Vault monster count
 F = Vault count percentage of total count
                 A         B        C        D         E       F
            +---------+---------+-------+---------+---------+-------
      Total |      42 |      17 |  28.8 |      24 |      11 |  31.4
            +---------+---------+-------+---------+---------+-------
        D:1 |      31 |       7 |  18.4 |      18 |       6 |  25.0
        D:2 |      11 |      10 |  47.6 |       6 |       5 |  45.5
            +---------+---------+-------+---------+---------+-------
